 Dungeon Crawl Stone Soup version 0.28.0-53-g5a82cb258f (webtiles) character file.

Game seed: 8954528384710405583

42 cbfl8 the Skirmisher (level 3, -3/30 HPs)
             Began as a Formicid Berserker on Aug 16, 2022.
             Was a Believer of Trog.
             Killed from afar by an orc wizard (5 damage)
             ... with a magic dart
             ... on level 2 of the Dungeon.
             The game lasted 00:03:24 (1674 turns).

cbfl8 the Skirmisher (Formicid Berserker)           Turns: 1674, Time: 00:03:25

Health: -3/30      AC:  5    Str: 18 (21) XL:     3   Next: 80%
Magic:  3/3        EV:  9    Int:  5 (6)  God:    Trog [**....]
Gold:   81         SH:  0    Dex: 10 (12) Spells: 2/2 levels left

rFire   + . .      SeeInvis +   a - +0 hand axe
rCold   . . .      Faith    .   n - +0 kite shield
rNeg    . . .      Spirit   .   j - +0 ring mail
rPois   .          Reflect  .   (helmet unavailable)
rElec   .          Harm     .   (no cloak)
rCorr   .          Rampage  .   (no gloves)
Will    .....                   (no boots)
Stlth   ..........              (no amulet)
HPRegen 0.10/turn               k - ring of protection from fire
MPRegen 0.08/turn               (no ring)

@: confused, brilliant
A: permanent stasis, dig shafts and tunnels, antennae 3, four strong arms
a: Dig, Shaft Self, Renounce Religion, Trog's Hand


You were on level 2 of the Dungeon.
You worshipped Trog.
Trog was pleased with you.
You visited 1 branch of the dungeon, and saw 2 of its levels.

You collected 81 gold pieces.

Inventory:

Hand Weapons
 a - a +0 hand axe (weapon)
Armour
 j - a +0 ring mail (worn)
 n - a +0 kite shield (worn)
Jewellery
 k - a ring of protection from fire (left hand)
Scrolls
 b - a scroll of immolation {unknown}
 c - a scroll of identify {unknown}
 d - a scroll of teleportation {unknown}
 i - a scroll of brand weapon {unknown}
 l - a scroll of magic mapping {unknown}
 m - a scroll of noise {unknown}


   Skills:
 * Level 3.7 Fighting
 + Level 3.6 Axes
 + Level 2.4 Armour
 * Level 2.0 Dodging
 * Level 0.2 Stealth
 * Level 1.0 Shields
 * Level 0.2 Evocations


You had 2 spell levels left.
You didn't know any spells.
Your spell library was empty.

Dungeon Overview and Level Annotations

Branches:
Dungeon (2/15)

Altars:


Innate Abilities, Weirdness & Mutations

You cannot be hasted, slowed, berserked, paralysed or teleported.
You can dig through walls and to a lower floor.
You have a pair of large antennae on your head. (SInv)
Your four strong arms can wield two-handed weapons with a shield.


Message History

Your stasis prevents you from going berserk.
You closely miss the orc wizard. You block the orc wizard's attack. x2
You slash the orc wizard!
The orc wizard is heavily wounded.
The orc wizard hits you but does no damage.
You hit the orc wizard but do no damage.
The orc wizard is heavily wounded.
The orc wizard hits you with a +0 dagger.
* * * LOW HITPOINT WARNING * * *
You hit the orc wizard but do no damage.
The orc wizard is heavily wounded.
You block the orc wizard's attack.
You hit the orc wizard.
The orc wizard is heavily wounded.
The orc wizard gestures at you while chanting.
You resist with some effort. The orc wizard closely misses you.
You closely miss the orc wizard.
The orc wizard is heavily wounded.
The orc wizard hits you but does no damage.
You completely miss the orc wizard.
The orc wizard is heavily wounded.
The orc wizard hits you with a +0 dagger.
* * * LOW HITPOINT WARNING * * *
You closely miss the orc wizard.
The orc wizard is heavily wounded.
The orc wizard casts a spell at you. The puff of flame misses you.
You hit the orc wizard.
The orc wizard is severely wounded.
The orc wizard gestures at you while chanting.
You are confused.
The orc wizard gestures at you while chanting.
You are more confused.
The orc wizard points at you and mumbles some strange words.
You are more confused.
The orc wizard hits you with a +0 dagger.
* * * LOW HITPOINT WARNING * * *
The orc wizard points at you and mumbles some strange words.
The magic dart hits you.
You die...

#.....# ## #.....#
#. #.....###.# #.
#.......... #.
######.....##.......
#...........'......o
#(..........#.......
#...).......# '##+##
#..@o.......# .
#...........#
..............(# #
................# .
................# .
........####...... .
........# ...... .
........# ... .
....... .. .


You could see an orc wizard (invisible).

Vanquished Creatures
  A worm (D:2)
  A dart slug (D:1)
  An orc (D:1)
  2 ball pythons (D:1)
  6 endoplasms
  3 giant cockroaches (D:1)
  5 goblins
  A hobgoblin (D:1)
  3 jackals (D:2)
  A bat (D:1)
  3 frilled lizards
  6 rats (D:1)
33 creatures vanquished.

Notes
Turn   | Place    | Note
-------+----------+-------------------------------------------
     0 | D:1      | cbfl8 the Formicid Berserker began the quest for the Orb.
     0 | D:1      | Reached XP level 1. HP: 18/18 MP: 1/1
   456 | D:1      | Reached XP level 2. HP: 24/24 MP: 2/2
   938 | D:1      | Reached XP level 3. HP: 29/30 MP: 3/3
  1193 | D:1      | Found a faded altar of an unknown god.
  1314 | D:2      | Reached ** piety under Trog
  1659 | D:2      | Reached skill level 1 in Shields
  1674 | D:2      | Killed from afar by an orc wizard

Illustrated notes

Levels and vault maps discovered:
D:1:      dpeg_arrival_shelter, layout_loops_corners,
          dreamdust_ecumenical_altar_angels_and_demons
D:2:      layout_basic

Skill      XL: |  1  2  3 |
---------------+----------+-----
Dodging        | 2 |  2.0
Shields        | 1 |  1.0
Fighting       | |  3.7
Axes           | |  3.6
Armour         | |  2.4
Stealth        | |  0.2
Evocations     | |  0.2

Action                   || total
-------------------------++-------
Melee: Hand axe          ||    76
       Punch             ||     1
  Use: Potion            ||     3
Armor: Animal skin       ||     5
       Ring mail         ||    14
Dodge: Dodged            ||    33
Block: Kite shield       ||     8
       Buckler           ||     1
